 Dungeon Crawl Stone Soup version 0.31-a0-640-g39d97e502b (webtiles) character file.

Game seed: 800194027150615559

13728 thirtiethelement the Reanimator (level 11, -17/75 HPs)
             Began as a Demonspawn Necromancer on Aug 28, 2023.
             Was an Elder of Dithmenos.
             Demolished by a gargoyle
             ... wielding a +0 morningstar
              (24 damage)
             ... on level 11 of the Dungeon.
             The game lasted 00:35:01 (10976 turns).

thirtiethelement the Reanimator (DsNe)             Turns: 10976, Time: 00:35:02

Health: -17/75     AC:  8    Str:  8    XL:     11   Next: 79%
Magic:  13/24      EV: 12    Int: 23    God:    Dithmenos [****..]
Gold:   417        SH:  0    Dex: 16    Spells: 17/29 levels left

rFire   . . .        b - +2 dagger (venom)
rCold   . . .        (no shield)
rNeg    . . .        h - +0 leather armour
rPois   .            L - +1 hat
rElec   .            y - +0 cloak
rCorr   .            (no gloves)
SInv    .            K - +2 pair of boots
Will    .....        i - amulet of magic regeneration
Stlth   ++++++       (no ring)
HPRegen 0.32/turn    (no ring)
MPRegen 0.59/turn

%: no passive effects
@: brilliant, animating dead, wreathed by umbra, studying Ranged Weapons
A: horns 1, ignite blood 1, big brain 2, demonic magic 2
a: Renounce Religion, Shadow Step


You were on level 11 of the Dungeon.
You worshipped Dithmenos.
Dithmenos was greatly pleased with you.
You visited 2 branches of the dungeon, and saw 12 of its levels.

You collected 417 gold pieces.

Inventory:

Hand Weapons
 a - a +2 dagger of speed
 b - a +2 dagger of venom (weapon)
 x - a +2 dagger of protection
Missiles
 n - 60 poisoned darts
 I - 5 boomerangs (quivered)
Armour
 h - a +0 leather armour (worn)
 o - the +0 ring mail "Gic Duos" {rElec rC+ rCorr Int-3}
   (You found it on level 2 of the Dungeon)

   Int-3:     It affects your intelligence (-3).
   rC+:       It protects you from cold.
   rElec:     It insulates you from electricity.
   rCorr:     It protects you from acid and corrosion.
 y - a +0 cloak (worn)
 K - a +2 pair of boots (worn)
 L - a +1 hat (worn)
Jewellery
 i - an amulet of magic regeneration (around neck)
 p - a +5 ring of evasion
 F - an amulet of the acrobat
Wands
 v - a wand of charming (29)
 z - a wand of roots (10)
 C - a wand of flame (40)
 H - a wand of acid (7)
 J - a wand of polymorph (13)
Scrolls
 d - 3 scrolls of vulnerability {unknown}
 e - 5 scrolls of amnesia {unknown}
 f - 3 scrolls of brand weapon {unknown}
 g - 9 scrolls of teleportation
 j - 3 scrolls of blinking {unknown}
 l - a scroll of enchant weapon {unknown}
 m - 2 scrolls of fear
 q - a scroll of revelation
 u - 3 scrolls of immolation
 A - a scroll of butterflies
 G - a scroll of fog
 M - a scroll of enchant armour {unknown}
Potions
 c - a potion of enlightenment {unknown}
 k - a potion of magic
 r - a potion of brilliance
 s - 2 potions of curing {unknown}
 t - a potion of berserk rage {unknown}
 w - a potion of mutation {unknown}
 B - 2 potions of haste {unknown}
 D - a potion of heal wounds {unknown}
 E - a potion of cancellation {unknown}


   Skills:
 + Level 3.6 Fighting
 + Level 5.1 Short Blades
 + Level 0.4 Throwing
 + Level 3.3 Armour
 + Level 3.1 Dodging
 + Level 10.0 Stealth
 + Level 9.5 Spellcasting
 + Level 3.5 Hexes
 + Level 11.2 Necromancy


You had 17 spell levels left.
You knew the following spells:

 Your Spells              Type           Power      Damage    Failure   Level
a - Necrotise             Necr           100%       1d9       1%          1
b - Vampiric Draining     Necr           76%        2d11      1%          3
c - Slow                  Hex            100%       N/A       1%          1
d - Confusing Touch       Hex            40%        N/A       6%          3
e - Animate Dead          Necr           76%        N/A       1%          4

Your spell library contained the following spells:

 Spells                   Type           Power      Damage    Failure   Level
 Cigotuvi's Dreadful Rot  Necr/Pois/Air  84%        N/A       2%          2
 Agony                    Necr           76%        N/A       2%          5
 Portal Projectile        Hex/Tloc       56%        N/A       12%         3
 Summon Guardian Golem    Hex/Summ       28%        N/A       12%         3
 Death Channel            Necr           38%        N/A       13%         6
 Cause Fear               Hex            20%        N/A       21%         4
 Borgnjor's Vile Clutch   Necr/Erth      26%        N/A       22%         5
 Call Canine Familiar     Summ           16%        N/A       26%         3
 Ignite Poison            Fire/Tmut/Pois 16%        N/A       26%         3
 Leda's Liquefaction      Hex/Erth       14%        N/A       38%         4
 Fireball                 Conj/Fire      8%         3d6       93%         5
 Freezing Cloud           Conj/Ice/Air   8%         6-21      93%         5
 Orb of Destruction       Conj           8%         9d6       100%        7
 Spellforged Servitor     Conj/Summ      8%         N/A       100%        7
 Dragon's Call            Summ           8%         N/A       100%        9


Dungeon Overview and Level Annotations

Branches:
Dungeon (11/15)            Temple (1/1) D:5            Lair (0/5) D:10
    Orc: D:9-12

Altars:
Ashenzari
Cheibriados
Dithmenos
Fedhas
Gozag
Hepliaklqana
Kikubaaqudgha
Makhleb
Nemelex Xobeh
Okawaru
Qazlal
Ru
Sif Muna
Trog
Uskayaw
Vehumet
Wu Jian
Xom
Yredelemnul

Shops:
D:9 (

Annotations:
D:11 3 runed translucent doors, avis's ghost, novice HOMo


Innate Abilities, Weirdness & Mutations

You have a pair of small horns on your head.
Your demonic aura sometimes causes spilled blood to erupt in flames.
You have an extremely huge brain. (Int +4)
Spells you cast may paralyse nearby enemies.


Message History

Moving in this stuff is going to be slow.
Casting: Vampiric Draining (safe; 1% risk of failure)
Confirm with . or Enter, or press ? or * to list all spells.
You call upon the dead to rise.
Malevolent energies surge around you. The gargoyle closely misses you.
Casting: Animate Dead (dangerous; 1% risk of failure)
Confirm with . or Enter, or press ? or * to list all spells.
You call upon the dead to rise.
Malevolent energies surge around you.
The gargoyle hits you with a +0 morningstar!
Casting: Animate Dead (dangerous; 1% risk of failure)
Confirm with . or Enter, or press ? or * to list all spells.
You call upon the dead to rise.
Malevolent energies surge around you.
The gargoyle hits you with a +0 morningstar!!
Casting: Animate Dead (dangerous; 1% risk of failure)
Confirm with . or Enter, or press ? or * to list all spells.
You can't see any susceptible monsters within range! (Use Z to cast anyway.)
Casting: Animate Dead (dangerous; 1% risk of failure)
Confirm with . or Enter, or press ? or * to list all spells.
Aiming: Slow (safe; 1% risk of failure)
Press: ? - help, Shift-Dir - straight line, f - gargoyle
Aim: a gargoyle, wielding a +0 morningstar (flame, umbra, chance to affect: 38%)
The gargoyle resists with some effort.
Malevolent energies surge around you.
The gargoyle is engulfed in blazing flames.
The gargoyle hurls a stone arrow at you.
The stone arrow hits you!!
Casting: Slow (safe; 1% risk of failure)
Confirm with . or Enter, or press ? or * to list all spells.
Aiming: Slow (safe; 1% risk of failure)
Press: ? - help, Shift-Dir - straight line, f/p - gargoyle
Aim: a gargoyle, wielding a +0 morningstar (flame, moderately damaged, umbra, chance to affect: 38%)
The gargoyle resists with some effort.
Malevolent energies surge around you.
The gargoyle hurls a stone arrow at you.
The stone arrow hits you!!
* * * LOW HITPOINT WARNING * * *
Okay, then.
It was a potion of brilliance.
You feel clever all of a sudden.
The gargoyle is engulfed in blazing flames.
The gargoyle hits you with a +0 morningstar!!
You die...

# ###.#.......#####†### #
#...#.####..##......# #
#.#...####...#.##.#.# #
#.#.####≈~.#.#.##.#.# ######
###.#.###≈≈~.#.#(##.#.# #....#
..#.#.##≈≈~~.~.#.##.#.###.##.####
#.#.#.#≈≈≈...~.#.#..#.†.........#
....#.≈≈≈~.~...9.°..#..##.##.....
..###.~≈≈~.....~@#..#..##.#####.#
...<~.~≈~≈~~.~~~°#.....##.# #.#
.##~~.~≈≈≈≈≈...#.#..##.##.#####.#
......≈≈≈≈≈~.~.#.......##.......#
#~~~~~~~~~~~....#################
...............>#Z.#Z#..#........
~~≈~≈~~≈~~......##.Z|$.#########.
.≈~~~~~~≈~.####.#.......#........
................##.....#########.


You could see a gargoyle.

Vanquished Creatures
  A boulder beetle (D:11)
  Erica (D:10)
  4 two-headed ogres
  Pikel (D:5)
  2 ugly things (D:11)
  A deep elf pyromancer (D:7)
  Joseph (D:7)
  A komodo dragon (D:10)
  A rime drake (D:10)
  3 trolls
  Sigmund (D:2)
  2 wyverns
  13 yaks
  A vampire (D:9)
  A wraith (D:7)
  Eustachio (D:6)
  Menkaure (D:7)
  An acid dragon (D:10)
  4 ice beasts (D:10)
  A sky beast (D:7)
  7 orc warriors
  3 black bears
  2 ogres
  2 wolves (D:10)
  2 centaurs
  A phantom (D:7)
  4 kobold brigands
  A gnoll sergeant (D:5)
  3 bullfrogs
  2 scorpions
  8 wights
  6 howler monkeys
  A wolf zombie (D:10)
  3 electric eels
  Crazy Yiuf (D:5)
  A gnoll bouda (D:7)
  A hound (D:4)
  3 orc priests
  An iguana (D:4)
  Jessica (D:3)
  9 orc wizards
  8 gnolls
  9 adders
  2 shadow imps
  5 white imps
  7 ufetubi
  3 dart slugs
  41 orcs
  7 endoplasms
  2 giant cockroaches
  2 hobgoblins
  4 jackals
  2 quokkas
  5 ball pythons
  4 bats (D:1)
  3 frilled lizards
  5 goblins
  24 kobolds
  7 rats
244 creatures vanquished.

Vanquished Creatures (collateral kills)
  An orc (D:7)
  A ball python (D:1)
  A frilled lizard (D:1)
3 creatures vanquished.

Grand Total: 247 creatures vanquished

Notes
Turn   | Place    | Note
-------+----------+-------------------------------------------
     0 | D:1      | thirtiethelement the Demonspawn Necromancer began the quest
                  | for the Orb.
     0 | D:1      | Reached XP level 1. HP: 13/13 MP: 3/3
   371 | D:1      | Gained mutation: Spells you cast may paralyse adjacent
                  | enemies. [demonic ancestry]
   371 | D:1      | Reached XP level 2. HP: 19/19 MP: 1/5
   812 | D:2      | Noticed Sigmund
   820 | D:2      | Killed Sigmund
   821 | D:2      | Reached skill level 5 in Necromancy
   821 | D:2      | Gained mutation: You have an unusually large brain. (Int
                  | +2) [demonic ancestry]
   821 | D:2      | Reached XP level 3. HP: 18/24 MP: 4/7
   821 | D:2      | Reached XP level 4. HP: 23/30 MP: 5/9
   821 | D:2      | Reached XP level 5. HP: 27/35 MP: 5/10
   976 | D:2      | Reached skill level 6 in Necromancy
  1156 | D:2      | Identified the +0 ring mail "Gic Duos" {rElec rC+ rCorr
                  | Int-3}
  1700 | D:3      | Noticed a floating eye
  1702 | D:3      | Found a faded altar of an unknown god.
  1704 | D:3      | Noticed a golden eye
  1709 | D:3      | Noticed a golden eye
  1709 | D:3      | Noticed a floating eye
  1952 | D:3      | Noticed Jessica
  1965 | D:3      | Killed Jessica
  1970 | D:3      | Learned a level 3 spell: Vampiric Draining
  2121 | D:3      | Gained mutation: You have an extremely huge brain. (Int +4)
                  | [demonic ancestry]
  2121 | D:3      | Reached XP level 6. HP: 39/41 MP: 9/11
  2442 | D:4      | Reached skill level 1 in Armour
  2528 | D:4      | Reached skill level 1 in Short Blades
  2528 | D:4      | Reached XP level 7. HP: 45/47 MP: 9/13
  2583 | D:4      | Found a bloodstained altar of Trog.
  2658 | D:4      | Learned a level 1 spell: Slow
  3018 | D:5      | Entered Level 5 of the Dungeon
  3265 | D:5      | Found a staircase to the Ecumenical Temple.
  3543 | Temple   | Entered the Ecumenical Temple
  3603 | Temple   | Became a worshipper of Dithmenos the Shadowed
  3764 | D:5      | Reached skill level 1 in Hexes
  3769 | D:5      | Noticed Pikel
  3778 | D:5      | Killed Pikel
  3779 | D:5      | Reached skill level 1 in Fighting
  3779 | D:5      | Reached skill level 5 in Stealth
  3779 | D:5      | Reached skill level 7 in Necromancy
  3779 | D:5      | Gained mutation: You have a pair of small horns on your
                  | head. [demonic ancestry]
  3779 | D:5      | Reached XP level 8. HP: 40/54 MP: 13/15
  3915 | D:5      | Reached skill level 5 in Spellcasting
  4017 | D:5      | Identified the +1 scale mail of Jiclemosk {Harm rElec
                  | Int-4}
  4178 | D:5      | Found an ornate altar of the Wu Jian Council.
  4233 | D:5      | Found a runed translucent door.
  4234 | D:5      | Noticed Crazy Yiuf
  4298 | D:5      | Killed Crazy Yiuf
  4470 | D:6      | Noticed Eustachio
  4485 | D:6      | Killed Eustachio
  4542 | D:6      | Learned a level 3 spell: Confusing Touch
  4613 | D:6      | Reached * piety under Dithmenos
  4988 | D:6      | Found an opulent altar of Gozag.
  5695 | D:7      | Noticed a deep elf pyromancer
  5971 | D:7      | Gained mutation: Your demonic aura sometimes causes spilled
                  | blood to erupt in flames. [demonic ancestry]
  5971 | D:7      | Reached XP level 9. HP: 39/60 MP: 15/17
  6091 | D:7      | Killed a deep elf pyromancer
  6092 | D:7      | Reached skill level 8 in Necromancy
  6345 | D:7      | Noticed Joseph
  6352 | D:7      | Killed Joseph
  6800 | D:7      | Found a snail-covered altar of Cheibriados.
  6800 | D:7      | Found a stormy altar of Qazlal.
  6917 | D:7      | Noticed Menkaure
  6920 | D:7      | Killed Menkaure
  7143 | D:8      | Reached skill level 9 in Necromancy
  7148 | D:8      | Reached ** piety under Dithmenos
  7180 | D:8      | Found a hazy altar of Hepliaklqana.
  7214 | D:8      | Found a burning altar of Makhleb.
  7215 | D:8      | Found a broken altar of Ashenzari.
  7216 | D:8      | Found a sparkling altar of Nemelex Xobeh.
  7217 | D:8      | Found a blossoming altar of Fedhas.
  7460 | D:8      | Gained mutation: Spells you cast may paralyse nearby
                  | enemies. [demonic ancestry]
  7460 | D:8      | Reached XP level 10. HP: 67/67 MP: 15/21
  7609 | D:8      | Noticed a two-headed ogre
  7617 | D:8      | Killed a two-headed ogre
  8270 | D:9      | Noticed a two-headed ogre
  8278 | D:9      | Killed a two-headed ogre
  8451 | D:9      | Noticed a two-headed ogre
  8460 | D:9      | Killed a two-headed ogre
  8461 | D:9      | Reached skill level 10 in Necromancy
  8680 | D:9      | Reached *** piety under Dithmenos
  8681 | D:9      | Reached XP level 11. HP: 61/74 MP: 18/23
  8727 | D:9      | Found Ziqeik's Weapon Shop.
  8958 | D:10     | Entered Level 10 of the Dungeon
  8979 | D:10     | Noticed a two-headed ogre
  8990 | D:10     | Killed a two-headed ogre
  9090 | D:10     | Learned a level 4 spell: Animate Dead
  9113 | D:10     | Found a staircase to the Lair.
  9122 | D:10     | Noticed Erica
  9127 | D:10     | Killed Erica
  9144 | D:10     | Reached skill level 5 in Short Blades
  9870 | D:11     | Noticed a red ugly thing
  9879 | D:11     | Noticed a boulder beetle
  9881 | D:11     | Killed a red ugly thing
  9891 | D:11     | Killed a boulder beetle
  9924 | D:11     | Noticed a red ugly thing
  9931 | D:11     | Killed a red ugly thing
  9947 | D:11     | Found a runed translucent gate.
  9947 | D:11     | Found a runed translucent gate.
  9947 | D:11     | Found a runed translucent gate.
  9960 | D:11     | Noticed avis's ghost (novice HOMo)
 10060 | D:11     | Reached skill level 11 in Necromancy
 10468 | D:11     | Reached skill level 10 in Stealth
 10475 | D:11     | Reached **** piety under Dithmenos
 10976 | D:11     | Demolished by a gargoyle

Illustrated notes

Levels and vault maps discovered:
D:1:      spicycebolla_arrival_clurvy, layout_loops_cross, grunt_decor_cap
D:2:      layout_loops_ring, uniq_sigmund
D:3:      layout_loops_ring, hellmonk_ecumenical_altar_watching_god,
          uniq_jessica
D:4:      cheibrodos_quashed, layout_basic, bloody_trog, minmay_joined_circles
D:5:      layout_basic, lemuel_doored_altar, minmay_temple_entry_hall,
          serial_demonic, serial_demonic_e, serial_demonic_e, serial_demonic_a,
          serial_demonic_e, serial_demonic_d, serial_demonic_e,
          serial_demonic_c, serial_demonic_e, uniq_pikel,
          uniq_crazy_yiuf_cottage
D:6:      layout_basic, nicolae_overflow_hidden_temple, minivault_14,
          uniq_eustachio
D:7:      layout_basic, gammafunk_temple_overflow_elements, uniq_joseph,
          uniq_menkaure
D:8:      layout_loops_cross, minitemple, bh_walls_and_bars
D:9:      layout_loops_ring, serial_shops,
          nicolae_shop_temple_entry_statues_fountains
D:10:     layout_gridville, hellmonk_lair_entry_icy, uniq_erica
D:11:     layout_basic, gammafunk_ghost_necromancy
Temple:   minmay_temple_forest_path

Skill      XL: |  1  2  3  4  5  6  7  8  9 10 11 |
---------------+----------------------------------+-----
Stealth        | 2 3 5 6 8 10 | 10.0
Spellcasting   | 3 4 5 7 8 9 |  9.5
Necromancy     | 5 6 7 9 10 11 | 11.2
Armour         | 1 2 3 |  3.3
Short Blades   | 1 2 3 4 5 |  5.1
Hexes          | 1 2 3 |  3.5
Fighting       | 1 2 3 |  3.6
Dodging        | 2 3 |  3.1
Throwing       | |  0.4

Action                     |  1- 3 |  4- 6 |  7- 9 | 10-12 || total
---------------------------+-------+-------+-------+-------++-------
  Melee: Short sword       |    12 |       |       |       ||    12
         Dagger            |     3 |    39 |   104 |   161 ||   307
         Headbutt          |       |       |    15 |    30 ||    45
         Punch             |       |       |       |     4 ||     4
  Throw: Dart              |       |       |    10 |       ||    10
         Boomerang         |       |       |       |     5 ||     5
   Cast: Necrotise         |    29 |    51 |    42 |    16 ||   138
         Vampiric Draining |       |     1 |    53 |    42 ||    96
         Slow              |       |       |    41 |    12 ||    53
         Confusing Touch   |       |       |     3 |       ||     3
         Animate Dead      |       |       |       |     4 ||     4
    Use: Scroll            |       |       |       |     8 ||     8
         Potion            |       |       |       |     1 ||     1
   Stab: Sleeping          |     3 |     6 |     9 |    15 ||    33
         Paralysed         |     3 |     9 |    39 |    39 ||    90
         Distracted        |       |       |       |     1 ||     1
 Armour: Robe              |     1 |       |       |       ||     1
         Leather armour    |       |     8 |    49 |    36 ||    93
  Dodge: Dodged            |     8 |    19 |    71 |    85 ||   183

Table legend: (Time is in decaauts)
 A = Elapsed time spent in this place.
 B = Non-inter-level travel time spent in this place.
 C = Inter-level travel time spent in this place.
 D = Time resting spent in this place.
 E = Time spent auto-exploring this place.
 F = Levels seen in this place.
 G = Mean time per level.
                   A        B        C        D        E       F      G
               +--------+--------+--------+--------+--------+-----+--------+
         Total |  10964 |  10605 |    359 |   1108 |   7580 |  12 |  913.7 |
       Dungeon |  10861 |  10544 |    317 |   1108 |   7580 |  11 |  987.4 |
        Temple |    102 |     60 |     42 |      0 |      0 |   1 |  102.0 |
               +--------+--------+--------+--------+--------+-----+--------+

Top non-repeatable levels by time:
     D:6: 1537 daAuts
     D:7: 1246 daAuts
    D:11: 1190 daAuts
     D:5: 1085 daAuts
     D:9: 1006 daAuts
     D:4: 916 daAuts
     D:8: 825 daAuts
    D:10: 824 daAuts
     D:2: 816 daAuts
     D:1: 728 daAuts
     D:3: 683 daAuts
  Temple: 102 daAuts
